 Dungeon Crawl Stone Soup version 0.24.0-123-gd5b16e6ec5 (webtiles) character file.

Game seed: 16109559111478583368, levelgen mode: deterministic

49 Locuples the Sneak (level 3, 0/21 HPs)
             Began as a Vampire Assassin on Jan 23, 2020.
             Slain by a bullfrog (4 damage)
             ... on level 2 of the Dungeon.
             The game lasted 00:02:03 (1263 turns).

Locuples the Sneak (Vampire Assassin)               Turns: 1263, Time: 00:02:04

Health: 0/21       AC:  3    Str: 10    XL:     3   Next: 51%
Magic:  3/3        EV: 12    Int: 13    God:
Gold:   41         SH:  0    Dex: 16    Spells: 2/2 levels left

rFire    . . .     SeeInvis +   a - +2 dagger
rCold    + + .     Gourm    .   (no shield)
rNeg     + + +     Faith    .   b - +0 robe
rPois    ∞         Spirit   .   (no helmet)
rElec    .         Reflect  .   c - +0 cloak
rCorr    .         Harm     .   (no gloves)
MR       .....                  (no boots)
Stlth    ++++++....             (no amulet)
HPRegen  0.00/turn              (no ring)
MPRegen  0.08/turn              (no ring)

@: bloodless
A: no food, fangs 3, see invisible, unbreathing
a: Bat Form, Revivify


You were on level 2 of the Dungeon.
You were bloodless.

You visited 1 branch of the dungeon, and saw 2 of its levels.

You collected 41 gold pieces.

Inventory:

Hand Weapons
 a - a +2 dagger (weapon)
Missiles
 d - 28 poisoned darts (quivered)
 e - 2 curare-tipped darts
Armour
 b - a +0 robe (worn)
 c - a +0 cloak (worn)
Scrolls
 f - a scroll of amnesia {unknown}
 g - a scroll of enchant weapon {unknown}
Potions
 h - a potion of heal wounds {unknown}


   Skills:
 - Level 1.7 Fighting
 + Level 2.4 Short Blades
 - Level 1.5 Throwing
 - Level 1.1 Dodging
 * Level 7.9 Stealth


You had 2 spell levels left.
You didn't know any spells.
Your spell library was empty.

Dungeon Overview and Level Annotations

Branches:
Dungeon (2/15)

Altars:

Annotations:
D:2 Sigmund


Innate Abilities, Weirdness & Mutations

You do not eat.
You do not regenerate when monsters are visible.
You are frail without blood (-20% HP).
You can heal yourself when you bite living creatures.
You are immune to poison.
You have razor-sharp teeth.
You have supernaturally acute eyesight. (SInv)
You can survive without breathing.


Message History

A bat is nearby!
A bullfrog comes into view.
The bullfrog gives a loud, deep croak!
The bat misses you.
You hit the bat.
The bat is severely wounded.
The bat barely misses you. The bat hits you but does no damage.
The bullfrog hits you. x2
Sigmund the Dreaded comes into view.
He is wielding a +0 scythe of venom.
You closely miss the bullfrog. The bat hits you but does no damage.
The bullfrog barely misses you. The bat completely misses you.
The bullfrog misses you.
You hit the bat.
You kill the bat!
The bullfrog barely misses you.
The bullfrog hits you but does no damage.
You hit the bullfrog but do no damage. The bullfrog hits you!
* * * LOW HITPOINT WARNING * * *
The bullfrog hits you.
You die...

#..... #.....#
####.....#######
..............
#......@...#
###..>.......#
.............#
########......F...#
...$.........@....#
..................#
.......<..........#
..................#
.....<#...........#
#####.#..†........#
# #...........#
#.#.####..#.# #.#.#
#.#.#


You could see Sigmund and a bullfrog.

Vanquished Creatures
  An adder (D:2)
  An ooze (D:1)
  A dart slug (D:1)
  6 bats
  A giant cockroach (D:1)
  4 goblins (D:1)
  5 hobgoblins (D:1)
  4 kobolds (D:1)
  4 frilled lizards (D:1)
  4 rats (D:1)
31 creatures vanquished.

Notes
Turn   | Place    | Note
-------+----------+-------------------------------------------
     0 | D:1      | Locuples the Vampire Assassin began the quest for the Orb.
     0 | D:1      | Reached XP level 1. HP: 16/16 MP: 1/1
    25 | D:1      | Reached skill level 6 in Stealth
    48 | D:1      | Reached XP level 2. HP: 13/17 MP: 2/2
   200 | D:1      | Reached skill level 7 in Stealth
   835 | D:1      | Reached XP level 3. HP: 21/21 MP: 3/3
  1251 | D:2      | Noticed a bullfrog
  1257 | D:2      | Noticed Sigmund
  1263 | D:2      | Slain by a bullfrog

Levels and vault maps discovered:
D:1:      dpeg_arrival_connections, layout_loops_ring
D:2:      layout_basic, tso_oasis_becter, lightli_temple_of_fire,
          xom_teletrap_fun, uniq_terence, uniq_sigmund

Skill      XL: |  1  2 |
---------------+-------+-----
Stealth        | 6 7 |  7.9
Fighting       | |  1.7
Short Blades   | |  2.4
Throwing       | |  1.5
Dodging        | |  1.1

Action                   || total
-------------------------++-------
Melee: Dagger            ||    70
       Bite              ||     5
 Abil: Exsanguinate      ||     1
 Stab: Sleeping          ||    16
Armor: Robe              ||    11
Dodge: Dodged            ||    31
